 Dungeon Crawl Stone Soup version 0.30-a0-782-ge64f9170bb (webtiles) character file.

Game seed: 3672523071821415465

65 shadizar the Trooper (level 4, -3/29 HPs)
             Began as a Gargoyle Fighter on Mar 18, 2023.
             Killed from afar by an orc wizard (9 damage)
             ... with a magic dart
             ... on level 3 of the Dungeon.
             The game lasted 00:02:14 (1678 turns).

shadizar the Trooper (Gargoyle Fighter)             Turns: 1678, Time: 00:02:15

Health: -3/29      AC: 10    Str: 22    XL:     4   Next: 14%
Magic:  4/4        EV:  9    Int:  8    God:
Gold:   108        SH:  4    Dex:  9    Spells: 3/3 levels left

rFire   . . .      SeeInvis .    a - +0 rapier
rCold   . . .      Faith    .    c - +0 buckler
rNeg    + . .      Spirit   .    b - +0 scale mail
rPois   ∞          Reflect  .    (no helmet)
rElec   +          Harm     .    (no cloak)
rCorr   .          Rampage  .    (no gloves)
Will    .....                    (no boots) Stlth
                                 (no amulet)
HPRegen 0.24/turn                (no ring)
MPRegen 0.09/turn                (no ring)

@: no status effects
A: sickness immunity, AC +3, negative energy resistance 1, electricity
resistance, torment resistance 1, petrification resistance
a: no special abilities


You were on level 3 of the Dungeon.
You visited 1 branch of the dungeon, and saw 3 of its levels.

You collected 108 gold pieces.

Inventory:

Hand Weapons
 a - a +0 rapier (weapon)
 l - a +2 dagger of holy wrath
 p - a +0 dagger
Missiles
 h - 20 stones (quivered)
Armour
 b - a +0 scale mail (worn)
 c - a +0 buckler (worn)
Magical Staves
 r - a staff of air
Jewellery
 k - a ring of flight
Scrolls
 e - 2 scrolls of vulnerability {unknown}
 f - 2 scrolls of identify {unknown}
 i - a scroll of enchant weapon {unknown}
 m - a scroll of enchant armour {unknown}
 n - a scroll of magic mapping {unknown}
Potions
 d - a potion of might
 g - a potion of magic {unknown}
 j - 2 potions of curing {unknown}
 o - a potion of brilliance {unknown}
 q - a potion of flight {unknown}
 s - a potion of heal wounds {unknown}


   Skills:
 + Level 3.9 Fighting
 + Level 2.4 Short Blades
 + Level 3.9 Armour
 + Level 3.8 Shields


You had 3 spell levels left.
You didn't know any spells.
Your spell library contained the following spells:

 Spells                   Type           Power      Damage    Failure   Level
 Ensorcelled Hibernation  Hex/Ice        0%         N/A       91%         2
 Spider Form              Tmut/Pois      0%         N/A       99%         3
 Anguish                  Hex/Necr       0%         N/A       100%        4
 Animate Dead             Necr           0%         N/A       100%        4
 Haunt                    Necr/Summ      0%         N/A       100%        7
 Infestation              Necr           0%         N/A       100%        8


Dungeon Overview and Level Annotations

Branches:
Dungeon (3/15)

Altars:


Innate Abilities, Weirdness & Mutations

You are immune to sickness and miasma.
Your stone body is resilient. (AC +3)
You are immune to poison.
You resist negative energy. (rN+)
You are resistant to electric shocks. (rElec)
You are resistant to unholy torment.
You are immune to petrification.


Message History

Reactivating autopickup.
The orc wizard hits you with a +0 dagger.
* * * LOW HITPOINT WARNING * * *
You hit the orc wizard but do no damage.
The orc wizard is severely wounded.
You block the orc wizard's attack.
You barely miss the orc wizard.
The orc wizard is severely wounded.
The orc wizard hits you with a +0 dagger.
* * * LOW HITPOINT WARNING * * *
The endoplasm jiggles.
The orc wizard hits you but does no damage.
You closely miss the orc wizard.
The orc wizard is severely wounded.
The orc wizard misses you.
You hit the orc wizard.
The orc wizard is almost dead.
The orc wizard hits you but does no damage.
You hit the orc wizard.
The orc wizard is almost dead.
The orc wizard hits you but does no damage.
You closely miss the orc wizard.
The orc wizard is almost dead.
You block the orc wizard's attack.
You hit the orc wizard but do no damage.
The orc wizard is almost dead.
The orc wizard casts a spell.
The orc wizard flickers and vanishes!
Deactivating autopickup; reactivate with Ctrl-A.
You completely miss something. Something hits you but does no damage.
You hear some strange, mumbled words.
A magic dart appears from out of thin air!
The magic dart hits you.
* * * LOW HITPOINT WARNING * * *
You miss something. Something hits you but does no damage.
You closely miss something.
You hear some strange, mumbled words.
A magic dart appears from out of thin air!
The magic dart hits you!
You die...

##.## #...#
#.#.# ##.#.##
#..#..#
##.###.##
###..# #..###
####...##
##...####
##....###
###.@{o######.
...####
####J.......
##....#
###....#######
####...#
##o.o#### #..#
#o.### .# #J##
#...J.#
##...## #.).


You could see an orc and an endoplasm.

Vanquished Creatures
  2 adders (D:2)
  3 orcs (D:3)
  2 endoplasms (D:2)
  2 giant cockroaches
  3 hobgoblins
  7 jackals (D:2)
  4 kobolds
  A quokka (D:2)
  3 ball pythons
  5 bats
  2 frilled lizards (D:2)
  4 goblins
  4 rats
42 creatures vanquished.

Notes
Turn   | Place    | Note
-------+----------+-------------------------------------------
     0 | D:1      | shadizar the Gargoyle Fighter began the quest for the Orb.
     0 | D:1      | Reached XP level 1. HP: 14/14 MP: 1/1
   252 | D:1      | Reached XP level 2. HP: 19/19 MP: 2/2
   288 | D:1      | Found a faded altar of an unknown god.
  1029 | D:2      | Reached XP level 3. HP: 24/24 MP: 3/3
  1263 | D:2      | Reached XP level 4. HP: 18/29 MP: 4/4
  1678 | D:3      | Killed from afar by an orc wizard

Illustrated notes

Levels and vault maps discovered:
D:1:      dpeg_arrival_lava_altar, layout_loops_ring,
          ebering_ecumenical_altar_box, nicolae_eternal_life
D:2:      layout_loops_ring
D:3:      minmay_general_purpose_star, layout_loops_corners,
          gammafunk_ghost_abyssal_escape

Skill      XL: |  1  2 |
---------------+-------+-----
Short Blades   | 2 |  2.4
Fighting       | |  3.9
Armour         | |  3.9
Shields        | |  3.8

Action                     |  1- 3 |  4- 6 || total
---------------------------+-------+-------++-------
  Melee: Rapier            |   157 |    70 ||   227
 Armour: Scale mail        |    81 |    54 ||   135
  Dodge: Dodged            |    79 |    28 ||   107
  Block: Buckler           |    37 |    15 ||    52

Table legend: (Time is in decaauts)
 A = Elapsed time spent in this place.
 B = Non-inter-level travel time spent in this place.
 C = Inter-level travel time spent in this place.
 D = Time resting spent in this place.
 E = Time spent auto-exploring this place.
 F = Levels seen in this place.
 G = Mean time per level.
                   A        B        C        D        E       F      G
               +--------+--------+--------+--------+--------+-----+--------+
         Total |   1708 |   1657 |     51 |      0 |   1242 |   3 |  569.3 |
       Dungeon |   1708 |   1657 |     51 |      0 |   1242 |   3 |  569.3 |
               +--------+--------+--------+--------+--------+-----+--------+

Top non-repeatable levels by time:
     D:1: 826 daAuts
     D:2: 757 daAuts
     D:3: 124 daAuts
